 Dungeon Crawl Stone Soup version 0.29-a0-271-gd4eb659eea (webtiles) character file.

Game seed: 12381959205716124860

119335 Crownlay the Eclecticist (level 16, -20/101 HPs)
             Began as a Gargoyle Earth Elementalist on Mar 8, 2022.
             Was an Elder of Vehumet.
             Demolished by a kraken (26 damage)
             ... on level 2 of the Shoals.
             The game lasted 01:55:44 (38104 turns).

Crownlay the Eclecticist (GrEE)                    Turns: 38104, Time: 01:55:44

Health: -20/101    AC: 25    Str: 15    XL:     16   Next: 79%
Magic:  20/45      EV: 12    Int: 27    God:    Vehumet [****..]
Gold:   3964       SH: 15    Dex: 16    Spells: 15/47 levels left

rFire   . . .      SeeInvis +   x - +2 hand crossbow of Chance {elec, rPois Dex+8}
rCold   . . .      Faith    .   F - +3 buckler of Experimentation {+Inv rElec rPois Dex-2}
rNeg    + . .      Spirit   .   o - +2 robe {Will+}
rPois   ∞          Reflect  +   O - +2 hat {Will+}
rElec   +          Harm     .   d - +5 cloak of the Pirate {Int+4 SInv}
rCorr   .          Rampage  .   (no gloves)
Will    ++++.                   P - +0 pair of boots
Stlth   ++........              N - amulet of reflection
HPRegen 0.26/turn               j - ring of magical power
MPRegen 0.29/turn               W - ring of Knowledge {Wiz rElec}

@: flying, studying Maces & Flails
A: sickness immunity, AC +12, big wings, negative energy resistance 1,
electricity resistance, torment resistance 1, petrification resistance,
strong-willed 1, strong 1
a: Renounce Religion, Evoke Invisibility


You were on level 2 of the Shoals.
You worshipped Vehumet.
Vehumet was greatly pleased with you.
You visited 5 branches of the dungeon, and saw 26 of its levels.
You also visited: Trove, Sewer and Ice Cave.

You collected 4932 gold pieces.
You spent 968 gold pieces at shops.

Inventory:

Hand Weapons
 r - the +4 hand axe of Modesty {chaos, rN+ rCorr Stlth+}
   (You found it on level 3 of the Dungeon)

   Each time it hits an enemy it has a different, random effect.
   rN:        It protects you from negative energy.
   rCorr:     It protects you from acid and corrosion.
   Stlth:     It makes you more stealthy.
 x - the +2 hand crossbow of Chance (weapon) {elec, rPois Dex+8}
   (You found it on level 4 of the Dungeon)

   Any ammunition fired from it occasionally discharges a powerful burst of
   electricity upon striking a foe.
   Dex:       It affects your dexterity (+8).
   rPois:     It protects you from poison.
 H - the +10 trident of Taaracus {vorpal, Will+ SInv}
   (You found it on level 3 of the Lair of Beasts)

   It inflicts extra damage upon your enemies.
   SInv:      It lets you see invisible.
   Will:      It increases your willpower.
Missiles
 a - 181 stones
Armour
 b - a +1 kite shield of cold resistance
 d - the +5 cloak of the Pirate (worn) {Int+4 SInv}
   (You found it on level 3 of the Dungeon)

   Int:       It affects your intelligence (+4).
   SInv:      It lets you see invisible.
 o - a +2 robe of willpower (worn)
 F - the +3 buckler of Experimentation (worn) {+Inv rElec rPois Dex-2}
   (You found it in a treasure trove)

   Dex:       It affects your dexterity (-2).
   rElec:     It insulates you from electricity.
   rPois:     It protects you from poison.
   +Inv:      It lets you turn invisible.
 O - a +2 hat of willpower (worn)
 P - a +0 pair of boots (worn)
 V - a +2 kite shield
 X - a +2 helmet of see invisible
Magical Staves
 B - a staff of earth
Jewellery
 j - a ring of magical power (left hand)
 p - a ring of protection from cold
 q - a +6 ring of intelligence
 N - an amulet of reflection (around neck)
 W - the ring of Knowledge (right hand) {Wiz rElec}
   (You found it in a treasure trove)

   [ring of wizardry]

   It improves your spell success rate.
   rElec:     It insulates you from electricity.
 Y - the amulet of Kuwnou {Spirit rPois Will+}
   (You found it in a treasure trove)

   [amulet of guardian spirit]

   It causes incoming damage to be divided between your reserves of health and
   magic.
   rPois:     It protects you from poison.
   Will:      It increases your willpower.
 Z - the ring of Ybbuox {+Blink rF+}
   (You found it in a treasure trove)

   [ring of protection from fire]

   rF:        It protects you from fire.
   +Blink:    It lets you blink.
Wands
 y - a wand of iceblast (38)
 D - a wand of flame (63)
 L - a wand of paralysis (13)
 M - a wand of polymorph (2)
 T - a wand of digging (20)
 U - a wand of mindburst (17)
Scrolls
 e - 13 scrolls of teleportation
 g - 3 scrolls of blinking
 h - 3 scrolls of amnesia
 k - a scroll of summoning
 n - 4 scrolls of holy word
 u - 7 scrolls of magic mapping
 v - 8 scrolls of enchant armour
 C - 5 scrolls of fog
 E - 3 scrolls of fear
Potions
 c - 2 potions of magic
 f - a potion of cancellation
 i - 5 potions of heal wounds
 l - 6 potions of curing
 m - 4 potions of mutation
 s - a potion of ambrosia {unknown}
 w - 5 potions of brilliance
 G - a potion of resistance
 I - 8 potions of haste
 R - 2 potions of invisibility


   Skills:
 + Level 11.8 Fighting
 - Level 1.5 Dodging
 - Level 2.1 Stealth
 * Level 9.7 Shields
 + Level 16.0 Spellcasting
 - Level 11.0 Conjurations
 - Level 10.0 Summonings
 - Level 0.7 Transmutations
 - Level 15.0 Earth Magic
 + Level 6.6 Evocations


You had 15 spell levels left.
You knew the following spells:

 Your Spells              Type           Power      Damage    Failure   Level
a - Sandblast             Erth           100%       2d20      0%          1
b - Passwall              Tmut/Erth      49%        N/A       1%          2
c - Stone Arrow           Conj/Erth      100%       3d13      1%          3
d - Iron Shot             Conj/Erth      37%        9d7       1%          6
e - Spellforged Servitor  Conj/Summ      34%        N/A       4%          7
f - Lee's Rapid Deconstr  Erth           40%        3d21*     1%          5
g - Lehudib's Crystal Sp  Conj/Erth      37%        10d9      10%         8

Your spell library contained the following spells:

 Spells                   Type           Power      Damage    Failure   Level
 Eringya's Noxious Bog    Tmut/Pois      11%        N/A       34%         6
 Apportation              Tloc           42%        N/A       1%          1
 Freeze                   Ice            84%        1d10      1%          1
 Shock                    Conj/Air       100%       1d9       1%          1
 Corpse Rot               Necr/Air       42%        N/A       1%          2
 Dazzling Flash           Conj/Hex       100%       N/A       1%          3
 Frozen Ramparts          Ice            42%        1d6       1%          3
 Hailstorm                Conj/Ice       50%        3d11      1%          4
 Iskenderun's Mystic Bla  Conj/Tloc      50%        2d11      1%          4
 Petrify                  Tmut/Erth      59%        N/A       1%          4
 Borgnjor's Vile Clutch   Necr/Erth      29%        N/A       1%          5
 Iskenderun's Battlesphe  Conj           69%        2d12      1%          5
 Gell's Gravitas          Tloc           21%        N/A       3%          3
 Lesser Beckoning         Tloc           21%        N/A       3%          3
 Swiftness                Air            21%        N/A       3%          3
 Teleport Other           Tloc           21%        N/A       3%          3
 Vampiric Draining        Necr           21%        2d7       3%          3
 Airstrike                Air            10%        N/A       3%          4
 Starburst                Conj/Fire      25%        6d8       5%          6
 Alistair's Intoxication  Tmut/Pois      15%        N/A       26%         5
 Agony                    Necr           21%        N/A       30%         5
 Statue Form              Tmut/Erth      Unusable   N/A       N/A         6

Dungeon Overview and Level Annotations

Branches:
Dungeon (15/15)            Temple (1/1) D:4            Lair (6/6) D:11
 Shoals (2/4) Lair:4        Snake (0/4) Lair:2        Slime (0/5) Lair:6
    Orc (2/2) D:9             Elf (0/3) Orc:2        Vaults (0/5) D:13
 Depths (0/4) D:15          Sewer (visited)           IceCv (visited)

Altars:
Ashenzari
Cheibriados
Dithmenos
Elyvilon
Fedhas
Gozag
Hepliaklqana
Kikubaaqudgha
Makhleb
Nemelex Xobeh
Okawaru
Qazlal
Ru
Sif Muna
Trog
Uskayaw
Vehumet
Wu Jian
Xom
Yredelemnul
Zin
The Shining One
Beogh
Jiyva

Shops:
D:5 (   D:7 (   D:10 *   D:13 *   D:15 *   Orc:2 (:*[(

Annotations:
Lair:6 3 runed translucent doors, p0werm0de's ghost, journeyman DDCK
Shoals:2 Polyphemus


Innate Abilities, Weirdness & Mutations

You are immune to sickness and miasma.
Your stone body is resilient. (AC +12)
You are immune to poison.
Your large and strong wings let you fly.
You resist negative energy. (rN+)
You are resistant to electric shocks. (rElec)
You are resistant to unholy torment.
You are immune to petrification.
You are strong-willed. (Will+)
Your muscles are strong. (Str +2)


Message History

Aiming: Sandblast (safe; 0% risk of failure)
Press: ? - help, Shift-Dir - straight line, f/p - kraken
Aim: a kraken (water, severely wounded, ally target, 100% to hit)
Okay, then.
Press: ? - help, v - describe, . - travel
Here: a kraken (water, severely wounded, ally target) Some deep water.
Casting: Sandblast (safe; 0% risk of failure)
Confirm with . or Enter, or press ? or * to list all spells.
Aiming: Stone Arrow (safe; 1% risk of failure)
Press: ? - help, Shift-Dir - straight line, f/p - kraken
Aim: a kraken (water, severely wounded, ally target, 100% to hit)
The stone arrow hits the kraken!
The kraken is severely wounded.
A tentacle segment bursts forth from the water.
You block the tentacle's attack. The tentacle barely misses you.
The tentacle slaps you but does no damage.
The kraken bites you but does no damage.
Casting: Stone Arrow (safe; 1% risk of failure)
Confirm with . or Enter, or press ? or * to list all spells.
Aiming: Stone Arrow (safe; 1% risk of failure)
Press: ? - help, Shift-Dir - straight line, f/p - kraken
Aim: a kraken (water, severely wounded, ally target, 100% to hit)
Okay, then.
Aiming: Throw Flame
Press: ? - help, Shift-Dir - straight line, f/p - kraken
Aim: a kraken (water, severely wounded, ally target, 100% to hit)
The puff of flame hits the kraken but does no damage.
The kraken is severely wounded.
The tentacle barely misses you. You block the tentacle's attack.
The tentacle slaps you but does no damage.
The tentacle slaps you! The kraken bites you.
* * * LOW HITPOINT WARNING * * *
You block the tentacle's attack. The tentacle slaps you.
* * * LOW HITPOINT WARNING * * *
The tentacle slaps you!
* * * LOW HITPOINT WARNING * * *
The tentacle slaps you but does no damage.
The kraken bites you!!
You die...

.≈≈≈ ≈PP..≈≈≈≈≈≈≈≈≈≈≈≈≈≈
..P≈
≈≈≈≈PP≈≈≈≈≈≈≈≈≈≈≈≈≈≈≈≈≈≈
≈≈
≈≈≈≈≈P≈PP≈≈≈≈≈≈≈≈≈≈≈≈≈≈≈
.≈
≈≈≈≈≈≈≈≈≈≈≈≈≈≈≈≈≈≈≈≈≈≈≈≈
.≈
≈≈≈≈≈≈≈≈≈≈≈≈≈≈≈≈≈≈≈≈≈...
≈.
≈≈≈≈≈≈≈≈≈≈≈≈≈≈≈≈≈≈≈≈.[.
≈≈≈≈≈≈≈≈≈≈≈≈≈≈≈≈≈≈≈≈≈≈.
≈≈≈≈≈≈Xww≈≈≈≈≈≈≈≈≈≈≈≈≈≈
≈≈≈≈≈≈w@≈9≈≈≈≈≈≈≈≈≈≈≈≈≈
≈≈≈≈≈≈w≈≈≈≈≈≈≈≈≈≈≈≈≈≈≈≈
≈≈≈≈≈≈≈≈≈≈≈≈≈≈≈≈≈≈≈≈≈≈
≈≈≈≈≈≈≈≈≈≈≈≈≈≈≈≈≈≈≈≈≈≈
#####################


You could see a kraken (ally target), 4 tentacles and a friendly spellforged
servitor (summoned).

Vanquished Creatures
  Gastronok (D:10)
  Donald (Shoals:1)
  An orc warlord (Orc:2)
  A reaper (IceCv)
  A merfolk impaler (Shoals:1)
  4 boulder beetles
  7 hydras
  2 catoblepae
  4 centaur warriors
  2 two-headed ogres (D:9)
  9 death yaks
  An orc high priest (Orc:2)
  A shadow wraith (D:13)
  Amaemon (D:11)
  A sea snake (Shoals:1)
  4 deep elf pyromancers
  A deep elf zephyrmancer (D:15)
  2 necromancers
  A harpy (Shoals:1)
  2 orc sorcerers
  2 ugly things
  4 cyclopes
  5 fauns
  3 manticores
  A centaur zombie (D:15)
  2 merfolk sirens
  3 nameless horrors
  7 elephants
  Maurice (D:8)
  A gargoyle (D:12)
  3 black mambas
  An ice statue (IceCv)
  An orange demon (D:11)
  An unseen horror (D:12)
  12 cane toads
  8 rime drakes
  An efreet (D:14)
  11 komodo dragons
  4 trolls
  5 merfolk
  2 meliai (D:14)
  3 polar bears
  6 slime creatures (D:12)
  2 wolf spider simulacra (D:15)
  3 hornets (Lair:6)
  15 blink frogs
  A snapping turtle (Shoals:1)
  19 dream sheep
  11 spriggans (Lair:6)
  5 wraiths
  43 yaks
  A vampire (D:11)
  A water elemental (Shoals:1)
  5 wyverns
  6 basilisks
  3 dire elephant simulacra (IceCv)
  A steam dragon (D:7)
  2 death yak simulacra (IceCv)
  7 vampire mosquitoes
  Menkaure (D:5)
  2 harpy simulacra (IceCv)
  3 nagas (Lair:2)
  15 water moccasins
  Duvessa (D:6)
  A hornet zombie (D:15)
  24 orc warriors
  An ice beast (D:8)
  2 black bears
  14 wolves (Lair:6)
  5 ogres
  3 boggarts (Lair:6)
  10 centaurs
  Blork the orc (D:6)
  A kobold brigand (D:8)
  7 necrophages
  7 bullfrogs
  7 two-headed ogre simulacra (IceCv)
  4 scorpions
  21 wights
  Dowan (D:6)
  16 killer bees
  3 elephant simulacra (IceCv)
  An electric eel (Lair:1)
  9 howler monkeys
  6 hounds
  5 jellies
  19 orc priests
  4 gnoll shamans
  29 orc wizards
  Ijyb (D:5)
  6 iguanas
  Natasha (thrice) (D:2)
  5 hell rats (Lair:2)
  10 troll simulacra (IceCv)
  2 polar bear simulacra (IceCv)
  4 spriggan simulacra (IceCv)
  3 wolf simulacra (IceCv)
  17 gnolls
  11 adders
  4 river rats (Sewer)
  5 shadow imps
  6 white imps
  7 ufetubi
  4 worms
  A dart slug (D:2)
  98 orcs
  13 endoplasms
  11 giant cockroaches
  6 goblins
  7 hobgoblins
  6 jackals
  3 quokkas
  15 ball pythons
  9 bats
  8 frilled lizards
  7 kobolds
  9 rats
  A bush (D:1)
  A tentacle (Shoals:2)
765 creatures vanquished.

Vanquished Creatures (collateral kills)
  Ilsuiw (Shoals:2)
  A merfolk javelineer (Shoals:2)
  A boulder beetle (D:15)
  2 hydras
  A death knight (D:13)
  A two-headed ogre (D:12)
  A centaur warrior (D:15)
  4 death yaks
  An orc high priest (Orc:2)
  A skeletal warrior (D:13)
  A sea snake (Shoals:1)
  A wizard (D:15)
  An orc knight (Orc:1)
  5 harpies (Shoals:1)
  A wolf spider (D:13)
  An orc sorcerer (Orc:1)
  5 ugly things
  4 elephants
  4 manticores
  7 fauns
  3 merfolk sirens
  A naga mage (D:15)
  2 black mambas
  2 torpor snails (Lair:6)
  A cane toad (Lair:3)
  A rime drake (Lair:3)
  A meliai (D:14)
  An ice devil (IceCv)
  A troll (D:12)
  5 merfolk (Shoals:2)
  2 hornets (Lair:6)
  3 polar bears
  8 slime creatures
  A snapping turtle (Shoals:2)
  2 spriggans (Lair:6)
  A shadow (D:13)
  A vampire (D:14)
  15 yaks
  A water elemental (Shoals:1)
  A wraith (D:13)
  A warg (Orc:1)
  A vampire mosquito (D:14)
  4 water moccasins (Lair:6)
  A hornet zombie (D:15)
  15 orc warriors
  3 black bears
  6 wolves (Lair:6)
  A boggart (Lair:6)
  A bullfrog (Lair:2)
  A cane toad simulacrum (IceCv)
  4 orc priests (Orc:2)
  2 orc wizards (Orc:2)
  2 ufetubi (IceCv)
  13 orcs
  A tentacle (Shoals:2)
153 creatures vanquished.

Vanquished Creatures (others)
  A harpy (Shoals:1)
  10 bushes (Lair:6)
  55 fungi
  178 plants
  8 tentacles (Shoals:2)
252 creatures vanquished.

Grand Total: 1170 creatures vanquished

Notes
Turn   | Place    | Note
-------+----------+-------------------------------------------
     0 | D:1      | Crownlay the Gargoyle Earth Elementalist began the quest
                  | for the Orb.
     0 | D:1      | Reached XP level 1. HP: 10/10 MP: 3/3
   362 | D:1      | Found a faded altar of an unknown god.
   428 | D:1      | Reached XP level 2. HP: 14/15 MP: 5/5
   889 | D:1      | Learned a level 2 spell: Passwall
  1340 | D:1      | Reached XP level 3. HP: 19/19 MP: 7/7
  2176 | D:2      | Found an iron altar of Okawaru.
  2179 | D:2      | Reached skill level 3 in Spellcasting
  2182 | D:2      | Noticed Natasha
  2183 | D:2      | Reached XP level 4. HP: 24/24 MP: 1/9
  2267 | D:2      | Killed Natasha
  2270 | D:2      | Reached skill level 4 in Spellcasting
  2270 | D:2      | Reached XP level 5. HP: 23/28 MP: 1/11
  2440 | D:2      | Noticed Natasha
  2445 | D:2      | Killed Natasha
  2446 | D:2      | Reached skill level 5 in Earth Magic
  2579 | D:2      | Noticed Natasha
  2585 | D:2      | Killed Natasha
  3327 | D:3      | Identified the +5 cloak of the Pirate {Int+4 SInv}
  3634 | D:3      | Reached XP level 6. HP: 4/32 MP: 7/13
  4004 | D:3      | Learned a level 3 spell: Stone Arrow
  4081 | D:3      | Reached skill level 5 in Spellcasting
  4256 | D:3      | Identified the +4 hand axe of Modesty {chaos, rN+ rCorr
                  | Stlth+}
  4798 | D:4      | Found a staircase to the Ecumenical Temple.
  4891 | D:4      | Found a glowing drain.
  4895 | Sewer    | Entered a sewer
  6259 | D:4      | Reached XP level 7. HP: 36/36 MP: 15/15
  6495 | D:4      | Identified the +2 hand crossbow of Chance {elec, rPois
                  | Dex+8}
  6590 | D:5      | Entered Level 5 of the Dungeon
  6658 | D:5      | Reached skill level 6 in Spellcasting
  6886 | D:5      | Noticed Menkaure
  6890 | D:5      | Killed Menkaure
  6891 | D:5      | Reached XP level 8. HP: 41/41 MP: 10/18
  7011 | D:5      | Reached skill level 7 in Spellcasting
  7294 | D:5      | Noticed Ijyb
  7301 | D:5      | Paralysed by Ijyb for 2 turns
  7303 | D:5      | Killed Ijyb
  7953 | D:5      | Found Ehoa's Antique Weapon Shop.
  7974 | D:6      | Noticed Duvessa
  7974 | D:6      | Noticed Dowan
  8031 | D:6      | Reached skill level 8 in Spellcasting
  8118 | D:6      | You fall into a shaft and drop 3 floors!
  8245 | D:9      | Reached XP level 9. HP: 44/45 MP: 15/21
  8254 | D:9      | Reached skill level 9 in Spellcasting
  8673 | D:6      | Noticed a troll
  8680 | D:6      | Killed a troll
  8699 | D:6      | Killed Duvessa
  8751 | D:6      | Killed Dowan
  8872 | D:6      | Reached skill level 10 in Spellcasting
  8884 | D:6      | Noticed Blork the orc
  8889 | D:6      | Killed Blork the orc
  8999 | D:6      | Reached skill level 10 in Earth Magic
  9121 | D:6      | Reached skill level 1 in Conjurations
  9122 | D:6      | Reached XP level 10. HP: 18/50 MP: 10/24
  9694 | D:7      | Reached skill level 11 in Spellcasting
  9819 | Temple   | Entered the Ecumenical Temple
 10006 | Temple   | Became a worshipper of Vehumet
 10264 | D:7      | Found Jacwavy's Antique Weapon Shop.
 10466 | D:8      | Noticed Maurice
 10472 | D:8      | Killed Maurice
 10913 | D:8      | Reached * piety under Vehumet
 10913 | D:8      | Offered knowledge of Foxfire by Vehumet.
 10984 | D:9      | Noticed a two-headed ogre
 10989 | D:9      | Killed a two-headed ogre
 10990 | D:9      | Reached skill level 12 in Spellcasting
 10990 | D:9      | Reached skill level 5 in Conjurations
 11053 | D:9      | Reached skill level 1 in Fighting
 11128 | D:9      | Reached skill level 1 in Summonings
 11139 | D:9      | Reached XP level 11. HP: 56/56 MP: 19/27
 11149 | D:9      | Noticed a cyclops
 11149 | D:9      | Noticed a boulder beetle
 11160 | D:9      | Killed a boulder beetle
 11195 | D:9      | Learned a level 6 spell: Iron Shot
 11215 | D:9      | Noticed a two-headed ogre
 11216 | D:9      | Killed a cyclops
 11222 | D:9      | Killed a two-headed ogre
 11711 | D:9      | Offered knowledge of Magic Dart by Vehumet.
 11717 | D:9      | Reached ** piety under Vehumet
 11836 | D:9      | Found a staircase to the Orcish Mines.
 11947 | D:10     | Entered Level 10 of the Dungeon
 12140 | D:10     | Noticed Gastronok
 12155 | D:10     | Killed Gastronok
 12156 | D:10     | Reached skill level 5 in Fighting
 12309 | D:10     | Found a sparkling altar of Nemelex Xobeh.
 12848 | D:10     | Found Taot's Assorted Antiques.
 12880 | D:10     | Bought a scroll of identify for 62 gold pieces
 13394 | D:11     | Noticed a cyclops
 13400 | D:11     | Killed a cyclops
 13421 | D:11     | Reached skill level 5 in Summonings
 13597 | D:11     | Offered knowledge of Static Discharge by Vehumet.
 13605 | D:11     | Reached XP level 12. HP: 65/68 MP: 5/28
 13739 | D:11     | Got the Compendium of the Ninety-Nine Wars
 13839 | D:11     | Found a staircase to the Lair.
 13864 | D:11     | Reached *** piety under Vehumet
 14109 | D:11     | Noticed Amaemon
 14121 | D:11     | Killed Amaemon
 14310 | D:11     | Noticed a boulder beetle
 14319 | D:11     | Killed a boulder beetle
 14454 | Lair:1   | Entered Level 1 of the Lair of Beasts
 14707 | Lair:1   | Noticed a six-headed hydra
 14831 | Lair:1   | Killed a six-headed hydra
 14958 | Lair:1   | Reached skill level 10 in Conjurations
 14966 | Lair:1   | Learned a level 7 spell: Spellforged Servitor
 15089 | Lair:1   | Offered knowledge of Ignite Poison by Vehumet.
 15895 | Lair:2   | Reached skill level 13 in Spellcasting
 15977 | Lair:2   | Found a staircase to the Snake Pit.
 16013 | Lair:2   | Reached **** piety under Vehumet
 16165 | Lair:2   | Noticed a six-headed hydra
 16184 | Lair:1   | Killed a six-headed hydra
 16184 | Lair:1   | Offered knowledge of Freezing Cloud by Vehumet.
 16285 | Lair:2   | Reached XP level 13. HP: 67/72 MP: 21/30
 16779 | Lair:2   | Reached skill level 10 in Summonings
 17925 | Lair:3   | Reached skill level 14 in Spellcasting
 18364 | Lair:3   | Reached ***** piety under Vehumet
 18508 | Lair:3   | Offered knowledge of Ozocubu's Refrigeration by Vehumet.
 18606 | Lair:3   | Identified the +10 trident of Taaracus {vorpal, Will+ SInv}
 19650 | Lair:4   | Found a staircase to the Shoals.
 20084 | Lair:4   | Reached skill level 1 in Evocations
 20235 | Lair:4   | Gained mutation: Your large and strong wings let you fly.
                  | [Gargoyle growth]
 20235 | Lair:4   | Reached XP level 14. HP: 70/79 MP: 8/32
 21389 | Lair:5   | Reached skill level 15 in Spellcasting
 22168 | Lair:6   | Entered Level 6 of the Lair of Beasts
 22223 | Lair:6   | Offered knowledge of Sticky Flame by Vehumet.
 22637 | Lair:6   | Found a runed translucent gate.
 22637 | Lair:6   | Found a runed translucent gate.
 22637 | Lair:6   | Found a runed translucent gate.
 24846 | Lair:6   | Reached XP level 15. HP: 92/92 MP: 26/34
 25048 | Lair:6   | Found a staircase to the Slime Pits.
 25153 | Lair:6   | Reached skill level 10 in Fighting
 25243 | Lair:6   | Reached skill level 5 in Evocations
 25479 | Lair:6   | Noticed an acid blob
 25481 | Lair:6   | Noticed an acid blob
 25481 | Lair:6   | Noticed p0werm0de's ghost (journeyman DDCK)
 25481 | Lair:6   | Noticed an azure jelly
 25481 | Lair:6   | Noticed a rockslime
 25483 | Lair:6   | Noticed an azure jelly
 25483 | Lair:6   | Noticed an acid blob
 25484 | Lair:6   | Noticed an acid blob
 25484 | Lair:6   | Noticed an azure jelly
 25484 | Lair:6   | Noticed an acid blob
 25485 | Lair:6   | Noticed an acid blob
 25577 | Lair:6   | Noticed an acid blob
 25578 | Lair:6   | Noticed an acid blob
 26449 | Lair:6   | Found a viscous altar of Jiyva.
 26596 | Orc:1    | Entered Level 1 of the Orcish Mines
 26767 | Orc:2    | Entered Level 2 of the Orcish Mines
 26773 | Orc:2    | Offered knowledge of Lee's Rapid Deconstruction by Vehumet.
 26849 | Orc:1    | Learned a level 5 spell: Lee's Rapid Deconstruction
 27216 | Orc:2    | Reached skill level 15 in Earth Magic
 27943 | Orc:2    | Found a staircase to the Elven Halls.
 27953 | Orc:2    | Found Potecke's Weapon Shoppe.
 28004 | Orc:2    | Reached skill level 1 in Shields
 28254 | Orc:2    | Found Ragibba's General Store.
 28262 | Orc:2    | Bought a scroll of identify for 24 gold pieces
 28456 | Orc:2    | Noticed an orc warlord
 28459 | Orc:2    | Offered knowledge of Irradiate by Vehumet.
 28480 | Orc:2    | Killed an orc warlord
 28631 | Orc:2    | Found Bicea's Antique Armour Emporium.
 28637 | Orc:2    | Found Huf Odghi's Antique Weapon Shoppe.
 28780 | Orc:2    | Found Jorefeuth's Book Boutique.
 28788 | Orc:2    | Bought the Papyrus of the Rocks for 408 gold pieces
 28797 | Orc:2    | Learned a level 8 spell: Lehudib's Crystal Spear
 29414 | Orc:1    | Paralysed by an orc sorcerer for 5 turns
 29415 | Orc:1    | Gained mutation: You are frail. (-10% HP) [a neqoxec]
 29418 | Orc:1    | Gained mutation: You sometimes lose the ability to read
                  | scrolls when taking damage. [a neqoxec]
 30277 | D:12     | Reached ****** piety under Vehumet
 30937 | D:13     | Reached skill level 5 in Shields
 30959 | D:13     | Found a gate to the Vaults.
 30989 | D:13     | Found Dudahea's Desiderata Depot.
 31039 | D:13     | Found a frozen archway.
 31115 | IceCv    | Entered an ice cave
 31125 | IceCv    | Offered knowledge of Yara's Violent Unravelling by Vehumet.
 31788 | IceCv    | Offered knowledge of Eringya's Noxious Bog by Vehumet.
 32058 | D:13     | Found an ornate altar of the Wu Jian Council.
 32682 | D:13     | Found a portal to a secret trove of treasure.
 32739 | D:13     | Bought a +0 demon trident of electrocution for 474 gold
                  | pieces
 32808 | D:13     | You paid a toll of a +4 demon trident to enter a treasure
                  | trove
 32809 | Trove    | Entered a treasure trove
 32828 | Trove    | Identified the +3 buckler of Experimentation {+Inv rElec
                  | rPois Dex-2}
 32830 | Trove    | Identified the ring of Knowledge {Wiz rElec}
 32833 | Trove    | Identified the amulet of Kuwnou {Spirit rPois Will+}
 32835 | Trove    | Identified the ring of Ybbuox {+Blink rF+}
 33711 | D:14     | Reached XP level 16. HP: 59/89 MP: 23/35
 33882 | D:14     | Lost mutation: You sometimes lose the ability to read
                  | scrolls when taking damage. [potion of mutation]
 33882 | D:14     | Lost mutation: You are frail. (-10% HP) [potion of
                  | mutation]
 33882 | D:14     | Gained mutation: You are frail. (-10% HP) [potion of
                  | mutation]
 33883 | D:14     | Lost mutation: You are frail. (-10% HP) [potion of
                  | mutation]
 33883 | D:14     | Gained mutation: You are weak. (Str -2) [potion of
                  | mutation]
 33883 | D:14     | Gained mutation: You are dopey. (Int -2) [potion of
                  | mutation]
 33883 | D:14     | Gained mutation: Your flesh is cold resistant. (rC+)
                  | [potion of mutation]
 33884 | D:14     | Lost mutation: You are weak. (Str -2) [potion of mutation]
 33884 | D:14     | Lost mutation: Your flesh is cold resistant. (rC+) [potion
                  | of mutation]
 33884 | D:14     | Lost mutation: You are dopey. (Int -2) [potion of mutation]
 33884 | D:14     | Gained mutation: You are clumsy. (Dex -2) [potion of
                  | mutation]
 33884 | D:14     | Gained mutation: Your magical capacity is low. (-10% MP)
                  | [potion of mutation]
 33884 | D:14     | Gained mutation: You are covered in fur. (AC +1) [potion of
                  | mutation]
 33885 | D:14     | Lost mutation: You are clumsy. (Dex -2) [potion of
                  | mutation]
 33885 | D:14     | Lost mutation: You are covered in fur. (AC +1) [potion of
                  | mutation]
 33885 | D:14     | Gained mutation: You are weak. (Str -2) [potion of
                  | mutation]
 33886 | D:14     | Lost mutation: Your magical capacity is low. (-10% MP)
                  | [potion of mutation]
 33886 | D:14     | Lost mutation: You are weak. (Str -2) [potion of mutation]
 33886 | D:14     | Gained mutation: Your muscles are strong. (Str +2) [potion
                  | of mutation]
 33886 | D:14     | Gained mutation: You are strong-willed. (Will+) [potion of
                  | mutation]
 34510 | D:15     | Entered Level 15 of the Dungeon
 34754 | D:15     | Found a staircase to the Depths.
 34838 | D:15     | Identified a scroll of acquirement
 35172 | D:15     | Found Guloekoe's Elemental Accessories.
 35786 | Shoals:1 | Entered Level 1 of the Shoals
 36049 | Shoals:1 | Noticed Donald
 36054 | Shoals:1 | Killed Donald
 36995 | Shoals:1 | Acquired 700 gold pieces
 37027 | Shoals:2 | Noticed Polyphemus
 37554 | Shoals:2 | Reached skill level 16 in Spellcasting
 37556 | Shoals:2 | Noticed Ilsuiw
 37892 | Shoals:2 | Killed Ilsuiw
 38038 | Shoals:2 | Noticed a kraken
 38104 | Shoals:2 | Demolished by a kraken

Illustrated notes

Levels and vault maps discovered:
D:1:      minmay_arrival_cross, layout_basic,
          ebering_ecumenical_altar_abandoned, serial_forest,
          infiniplex_forest_lined_ring, infiniplex_forest_join,
          infiniplex_forest_corner_1, infiniplex_forest_diagonal,
          infiniplex_forest_clump_double, infiniplex_forest_straight_1,
          infiniplex_forest_end_3, minmay_tetromino_l4
D:2:      layout_rooms, basic_altar, minmay_box_of_dots, uniq_natasha
D:3:      layout_loops_ring
D:4:      layout_basic, minmay_temple_entry_sparse_star, gup_sewer_entry_spiral
D:5:      layout_loops_corners, serial_shops, kennysheep_mini, uniq_ijyb,
          uniq_menkaure
D:6:      minmay_clustersquares, layout_gridville, minmay_manual_mail,
          uniq_duvessa, uniq_blork_the_orc
D:7:      layout_cave_pools, serial_shops, shop
D:8:      layout_rooms, uniq_maurice
D:9:      hangedman_cross_stitches, layout_loops_ring, david_orc_5
D:10:     layout_loops_ring, nemelex_xobeh_ov_fountains_minmay, serial_shops,
          shop, uniq_gastronok
D:11:     layout_big_octagon, david_lair_generic, uniq_amaemon
D:12:     layout_gridville
D:13:     layout_loops_cross, david_vaults_4, portal_ice_cave_entry_pillars_1,
          trove_entry_hex_spiral, nicolae_alphabet_shops,
          nzn_wu_jian_council_hall
D:14:     layout_irregular_city, serial_column_ruins, column_ruins_open_medium,
          column_ruins_open_small, column_ruins_open_tiny_water,
          column_ruins_corridor_plus, column_ruins_grid_1
D:15:     grunt_enter_depths_magical_seal, layout_basic, roderic_malta_cross,
          nicolae_elemental_shop
Temple:   mainiacjoe_temple_starburst
Lair:1:   layout_chaotic_city, lemuel_fruit_tree, serial_bayou_shore_a
Lair:2:   layout_layer_cave, guppyfry_snake_entry_garden, grunt_megastairs_1
Lair:3:   wander_river, layout_small_grid
Lair:4:   layout_small_grid, shoals_dummy_entry, nicolae_lair_lil_pond
Lair:5:   layout_big_grid, roderic_carrion_pond, grunt_megastairs_2
Lair:6:   minmay_lair_end_enchanted_forest, layout_long_grid,
          nicolae_slime_entry_slimehenge, serial_forest,
          infiniplex_forest_clump_small, infiniplex_forest_clump_long,
          infiniplex_forest_pool, infiniplex_forest_end_2,
          infiniplex_forest_lined_2, infiniplex_forest_lined_2,
          infiniplex_forest_lined_room_, infiniplex_forest_end_2,
          infiniplex_forest_lined_room_2, gammafunk_ghost_ooze, minivault_19,
          minmay_lair_drake_nest
Shoals:1: layout_shoals, uniq_donald
Shoals:2: layout_shoals, nicolae_shoals_wave_tunnel, uniq_mlioglotl,
          uniq_ilsuiw, uniq_polyphemus
Orc:1:    layout_diamond_mine
Orc:2:    grunt_orc_community_town_hall, layout_diamond_mine,
          grunt_orc_community_big_house_1, grunt_orc_community_big_house_2,
          grunt_orc_community_house_3, grunt_orc_community_house_2,
          grunt_orc_community_house_3, grunt_orc_community_house_1,
          grunt_orc_community_house_3, grunt_orc_community_house_3,
          serial_shops, shop, nicolae_orc_stony_grotto

Skill      XL: |  1  2  3  4  5  6  7  8  9 10 11 12 13 14 15 16 |
---------------+-------------------------------------------------+-----
Earth Magic    | 4 5 6 7 8 10 11 13 15 | 15.0
Spellcasting   | 3 4 5 6 8 10 12 13 14 15 16 | 16.0
Conjurations   | 1 5 9 10 11 | 11.0
Fighting       | 1 5 9 10 11 | 11.8
Summonings     | 1 5 9 10 | 10.0
Evocations     | 1 4 5 6 |  6.6
Shields        | 6 9 |  9.7
Dodging        | |  1.5
Stealth        | |  2.1
Transmutations | |  0.7

Action                   |  1- 3 |  4- 6 |  7- 9 | 10-12 | 13-15 | 16-18 || total
-------------------------+-------+-------+-------+-------+-------+-------++-------
Melee: Dagger            |   484 |    21 |       |       |       |       ||   505
       Punch             |     5 |     1 |       |       |       |       ||     6
       Hand axe          |       |   121 |       |     1 |    34 |       ||   156
       Trident           |       |       |       |       |     4 |       ||     4
 Fire: Hand crossbow     |       |       |   115 |   198 |   322 |    65 ||   700
 Cast: Sandblast         |    10 |    68 |    44 |   128 |    98 |       ||   348
       Stone Arrow       |       |       |    60 |   194 |   537 |   106 ||   897
       Spellforged Servi |       |       |       |       |    66 |    34 ||   100
       Lee's Rapid Decon |       |       |       |       |    40 |     2 ||    42
       Iron Shot         |       |       |       |       |     2 |       ||     2
       Lehudib's Crystal |       |       |       |       |       |     7 ||     7
Evoke: Wand              |       |       |       |     9 |     1 |     8 ||    18
  Use: Scroll            |       |     6 |     1 |    11 |    12 |     6 ||    36
       Potion            |       |     3 |       |       |     1 |     5 ||     9
 Stab: Sleeping          |     4 |    11 |       |       |       |       ||    15
       Distracted        |       |     1 |       |       |       |       ||     1
Armor: Robe              |    41 |    89 |    39 |    92 |   302 |    47 ||   610
Dodge: Dodged            |    57 |   102 |    40 |    91 |   302 |    49 ||   641
Block: Other             |       |       |       |     2 |       |       ||     2
       Buckler           |       |       |       |       |     2 |    80 ||    82
       Reflection        |       |       |       |       |       |    30 ||    30

Table legend: (Time is in decaauts)
 A = Elapsed time spent in this place.
 B = Non-inter-level travel time spent in this place.
 C = Inter-level travel time spent in this place.
 D = Time resting spent in this place.
 E = Time spent auto-exploring this place.
 F = Levels seen in this place.
 G = Mean time per level.
                   A        B        C        D        E       F      G
               +--------+--------+--------+--------+--------+-----+--------+
         Total |  38830 |  37031 |   1799 |   3075 |  25633 |  29 | 1339.0 |
       Dungeon |  18726 |  17551 |   1175 |    634 |  13281 |  15 | 1248.4 |
        Temple |    243 |    187 |     56 |      0 |    173 |   1 |  243.0 |
          Lair |  12289 |  11942 |    347 |   1541 |   7882 |   6 | 2048.2 |
        Shoals |   2345 |   2286 |     59 |    540 |    972 |   2 | 1172.5 |
  Orcish Mines |   3144 |   2984 |    160 |     94 |   2203 |   2 | 1572.0 |
         Trove |     48 |     48 |      0 |      0 |      0 |   1 |   48.0 |
         Sewer |   1109 |   1109 |      0 |      0 |    717 |   1 | 1109.0 |
      Ice Cave |    923 |    923 |      0 |    266 |    404 |   1 |  923.0 |
               +--------+--------+--------+--------+--------+-----+--------+

Top non-repeatable levels by time:
  Lair:6: 4167 daAuts
     D:1: 2250 daAuts
   Orc:2: 2162 daAuts
  Lair:2: 1954 daAuts
  Lair:1: 1760 daAuts
  Lair:4: 1706 daAuts
     D:5: 1649 daAuts
Shoals:1: 1622 daAuts
  Lair:3: 1604 daAuts
     D:9: 1440 daAuts
    D:10: 1433 daAuts
    D:13: 1371 daAuts
    D:14: 1314 daAuts
     D:4: 1306 daAuts
    D:12: 1215 daAuts
